 Dungeon Crawl Stone Soup version 0.30-a0-800-g7c544603b3 (webtiles) character file.

Game seed: 3545744626992445584

81 dolemite99 the Magician (level 4, -3/32 HPs)
             Began as a Djinni Conjurer on Feb 22, 2023.
             Was an Initiate of Ashenzari.
             Slain by a gnoll bouda
             ... wielding a +0 club
              (11 damage)
             ... on level 4 of the Dungeon.
             The game lasted 00:02:35 (2274 turns).

dolemite99 the Magician (Djinni Conjurer)           Turns: 2274, Time: 00:02:35

Health: -3/32      AC:  3    Str:  4 (6)  XL:     4   Next: 67%
Gold:   153        EV: 12    Int: 20 (21) God:    Ashenzari [......] SH:  0 Dex: 10 (12)

rFire   + + .      SeeInvis .    o - +0 whip (vamp)
rCold   x . .      Faith    .    (no shield)
rNeg    . . .      Spirit   .    a - +0 robe
rPois   ∞          Reflect  .    h - +0 helmet of Ashenzari's Oracle {Evo, Fort} (curse)
rElec   .          Harm     .    (no cloak)
rCorr   .          Rampage  .    (no gloves)
Will    .....                    (boots unavailable)
Stlth   ++                       (no amulet)
HPRegen 0.25/turn                (no ring)
MPRegen 0.00/turn                (no ring)

@: mighty, weak-willed, weakened, attractive, flying
A: sickness immunity, fire resistance 2, cold vulnerability 1, float, innate
caster, HP casting, extra vitality 1
a: Renounce Religion, Curse Item, Shatter the Chains


You were on level 4 of the Dungeon.
You worshipped Ashenzari.
Ashenzari was noncommittal.
You visited 1 branch of the dungeon, and saw 4 of its levels.

You collected 153 gold pieces.

Inventory:

Hand Weapons
 d - a +2 mace of protection
 l - a +0 hand axe
 o - a +0 vampiric whip (weapon)
Armour
 a - a +0 robe (worn)
 h - the cursed +0 helmet of Ashenzari's Oracle (worn) {Evo, Fort}
   (You found it on level 1 of the Dungeon)

   It has a curse which improves the following skills: Evocations: Evocations.
   Fortitude: Armour and Shields.
Jewellery
 r - a ring of ice
Wands
 p - a wand of paralysis (4)
Scrolls
 b - a scroll of immolation {unknown}
 e - 2 scrolls of identify {unknown}
 f - 2 scrolls of amnesia {unknown}
 g - 2 scrolls of silence {unknown}
 k - a scroll of enchant weapon {unknown}
 n - 2 scrolls of teleportation {unknown}
Potions
 c - a potion of degeneration
 i - 2 potions of curing


   Skills:
 + Level 1.1 Fighting
 - Level 2.1 Dodging
 - Level 1.5 Stealth
 + Level 4.4 Spellcasting


You knew the following spells:

 Your Spells              Type           Power      Damage    Failure   Level
a - Magic Dart            Conj           88%        1d7       1%          1
b - Searing Ray           Conj           44%        2d6       3%          2
c - Dazzling Flash        Conj/Hex       44%        N/A       6%          3
d - Fulminant Prism       Conj/Hex       11%        3d8       21%         4
e - Iskenderun's Mystic   Conj/Tloc      22%        2d6       21%         4
f - Beastly Appendage     Tmut           44%        N/A       1%          1
Your spell library was empty.

Dungeon Overview and Level Annotations

Branches:
Dungeon (4/15)
 Temple: D:4-7

Altars:
Ashenzari
Gozag

Annotations:
D:3 Grinder


Innate Abilities, Weirdness & Mutations

You are immune to sickness and miasma.
You are immune to poison.
Your flesh is very heat resistant. (rF++)
You are vulnerable to cold. (rC-)
You float through the air rather than walking.
You learn spells naturally, not from books.
Your magical power is your life essence.
You have superior vitality. (+4 MHP)


Message History

You feel weakened.
You feel dopey.
You feel clumsy. The gnoll barely misses you.
The gnoll bouda barely misses you.
Okay, then.
It was a potion of might.
You feel very mighty all of a sudden. The gnoll closely misses you.
The gnoll bouda barks out a call to the hunt!
The gnoll picks up the pace!
A gnoll comes into view. It is wielding a +0 whip.
You feel mightier all of a sudden.
The gnoll bouda gazes fiercely through you!
You feel your attacks grow feeble.
It was a potion of ambrosia.
You are confused.
You feel invigorated.
The gnoll hits you from afar with a +0 spear.
* * * LOW HITPOINT WARNING * * *
A gnoll comes into view. It is wielding a +0 club.
The gnoll bouda hits you with a +0 club.
* * * LOW HITPOINT WARNING * * *
It was a potion of attraction.
You feel attractive to monsters. The gnoll barely misses you.
The gnoll bouda barks out a call to the hunt!
The gnoll picks up the pace!
The gnoll is attracted toward you. x2
You feel less invigorated.
You feel less confused. The gnoll hits you with a +0 spear.
The gnoll hits you with a +0 club.
* * * LOW HITPOINT WARNING * * *
The gnoll bouda barely misses you. The gnoll is attracted toward you.
A gnoll comes into view. It is wielding a +0 spear.
The gnoll shouts!
You hit the gnoll bouda.
You feel better.
Your punch misses the gnoll bouda.
The gnoll bouda is lightly wounded.
The gnoll hits you from afar with a +0 spear.
* * * LOW HITPOINT WARNING * * *
The gnoll barely misses you. x2
The gnoll bouda hits you with a +0 club!
You die...

.....#
#.....# ..
######.....+
#...#.....#
#+#...#'#.###
#.......#.+ .
###...#####
.. +...'.#
#.#####.#+#
#...#@g...#
#.gg....#
#g#.....#
#§###.#+# +.#
###


You could see a gnoll bouda and 3 gnolls.

Vanquished Creatures
  2 adders
  2 gnolls
  2 dart slugs
  4 endoplasms
  4 giant cockroaches
  A hobgoblin (D:3)
  2 jackals (D:2)
  A quokka (D:3)
  3 ball pythons
  4 bats (D:1)
  4 frilled lizards
  4 goblins
  4 kobolds
  2 rats
39 creatures vanquished.

Notes
Turn   | Place    | Note
-------+----------+-------------------------------------------
     0 | D:1      | dolemite99 the Djinni Conjurer began the quest for the Orb.
     0 | D:1      | dolemite99 set off with the following spells memorised:
                  | Magic Dart, Searing Ray, Dazzling Flash, Fulminant Prism,
                  | Iskenderun's Mystic Blast.
     0 | D:1      | Reached XP level 1. HP: 15/15 MP: 0/0
   288 | D:1      | Reached XP level 2. HP: 19/21 MP: 0/0
   929 | D:2      | Reached XP level 3. HP: 24/25 MP: 0/0
   929 | D:2      | Learned a level 1 spell: Beastly Appendage
  1141 | D:2      | Found a faded altar of an unknown god.
  1175 | D:2      | Reached skill level 4 in Spellcasting
  1212 | D:2      | Prayed at the altar of an unknown god.
  1212 | D:2      | Became a worshipper of Ashenzari the Shackled
  1532 | D:3      | Reached XP level 4. HP: 28/31 MP: 0/0
  1708 | D:3      | Noticed Grinder
  1770 | D:3      | Found an opulent altar of Gozag.
  2263 | D:4      | Reached skill level 1 in Fighting
  2274 | D:4      | Slain by a gnoll bouda

Illustrated notes

Levels and vault maps discovered:
D:1:      minmay_arrival_shattered_statue, layout_loops_ring
D:2:      layout_rooms, chequers_ecumenical_altar_lobes, cheibrodos_gnoll_hut
D:3:      layout_loops_corners, overflow_temple_1_default, uniq_grinder
D:4:      nicolae_cairo_tiling_large, layout_basic, minmay_shop_grid_forest,
          minmay_a_box_with_orc_wizards_in_it

Skill      XL: |  1  2  3  4 |
---------------+-------------+-----
Spellcasting   | 4 |  4.4
Fighting       | 1 |  1.1
Dodging        | |  2.1
Stealth        | |  1.5

Action                     |  1- 3 |  4- 6 || total
---------------------------+-------+-------++-------
  Melee: Whip              |       |     1 ||     1
   Cast: Magic Dart        |    48 |    11 ||    59
         Searing Ray       |     2 |     8 ||    10
 Invoke: Curse Item        |     1 |       ||     1
    Use: Potion            |       |     6 ||     6
         Scroll            |       |     1 ||     1
 Armour: Robe              |     1 |     1 ||     2
  Dodge: Dodged            |     4 |    11 ||    15

Table legend: (Time is in decaauts)
 A = Elapsed time spent in this place.
 B = Non-inter-level travel time spent in this place.
 C = Inter-level travel time spent in this place.
 D = Time resting spent in this place.
 E = Time spent auto-exploring this place.
 F = Levels seen in this place.
 G = Mean time per level.
                   A        B        C        D        E       F      G
               +--------+--------+--------+--------+--------+-----+--------+
         Total |   2272 |   2146 |    126 |    166 |   1622 |   4 |  568.0 |
       Dungeon |   2272 |   2146 |    126 |    166 |   1622 |   4 |  568.0 |
               +--------+--------+--------+--------+--------+-----+--------+

Top non-repeatable levels by time:
     D:1: 798 daAuts
     D:2: 728 daAuts
     D:3: 691 daAuts
     D:4: 53 daAuts
